 Dungeon Crawl Stone Soup version 0.24.0-123-gd5b16e6ec5 (webtiles) character file.

Game seed: 16572512606187123197, levelgen mode: deterministic

1863 MagicFarmer the Cleaver (level 9, 0/79 HPs)
             Began as a Hill Orc Fighter on Dec 29, 2019.
             Was a Follower of Beogh.
             Slain by Pikel
             ... wielding a +2 whip of flaming
              (1 damage)
             ... on level 6 of the Dungeon.
             The game lasted 00:26:51 (7723 turns).

MagicFarmer the Cleaver (Hill Orc Fighter)          Turns: 7723, Time: 00:26:53

Health: 0/79       AC:  7    Str: 21    XL:     9   Next: 13%
Magic:  9/9        EV:  8    Int:  8    God:    Beogh [*.....]
Gold:   300        SH: 10    Dex: 11    Spells: 8/8 levels left

rFire    . . .     SeeInvis .   a - +0 war axe
rCold    . . .     Gourm    .   c - +0 shield
rNeg     . . .     Faith    +   b - +0 scale mail
rPois    .         Spirit   .   (no helmet)
rElec    .         Reflect  .   (no cloak)
rCorr    .         Harm     .   (no gloves)
MR       +....                  (no boots)
Stlth    ..........             k - amulet of faith
HPRegen  0.23/turn              i - ring of protection from magic
MPRegen  0.11/turn              (no ring)

@: hasted, very quick
A: no striking features
a: Renounce Religion


You were on level 6 of the Dungeon.
You worshipped Beogh.
Beogh was aware of your devotion.
You were very hungry.

You visited 1 branch of the dungeon, and saw 6 of its levels.

You collected 300 gold pieces.

Inventory:

Hand Weapons
 a - a +0 war axe (weapon)
 s - the +3 long sword of Zezu {pain, rElec rF- Dex+2, unknown}
   (You found it on level 6 of the Dungeon)

   In the hands of one skilled in necromantic magic, it inflicts extra damage on
   living creatures.
   It affects your dexterity (+2).
   It makes you vulnerable to fire.
   It insulates you from electricity.
 u - a +0 flail
Missiles
 d - 2 boomerangs
 e - 139 stones (quivered)
Armour
 b - a +0 scale mail (worn)
 c - a +0 shield (worn)
Jewellery
 i - a ring of protection from magic (left hand)
 k - an amulet of faith (around neck)
Wands
 n - a wand of digging (3)
Scrolls
 g - a scroll of enchant weapon {unknown}
 h - a scroll of remove curse
 l - a scroll of enchant armour {unknown}
 m - a scroll of amnesia
 p - a scroll of teleportation
 v - a scroll of noise {unknown}
Potions
 o - a potion of cancellation
 q - a potion of lignification {unknown}
 t - a potion of heal wounds {unknown}
Comestibles
 f - 9 rations


   Skills:
 + Level 7.1 Fighting
 * Level 10.0 Axes
 + Level 6.5 Armour
 + Level 6.4 Shields


You had 8 spell levels left.
You didn't know any spells.
Your spell library contained the following spells:

 Spells                   Type           Power        Failure   Level  Hunger
 Confusing Touch          Hex            #.....       97%         1    ##.....
 Summon Small Mammal      Summ           #...         97%         1    ##.....
 Call Imp                 Summ           #.......     99%         2    ###....
 Call Canine Familiar     Summ           #.......     100%        3    ####...
 Confuse                  Hex            #.......     100%        3    ####...
 Gell's Gravitas          Tloc           #.........   100%        3    ####...
 Summon Guardian Golem    Hex/Summ       #.......     100%        3    ####...
 Petrify                  Tmut/Erth      #.......     100%        4    #####..
 Summon Ice Beast         Ice/Summ       #.......     100%        4    #####..
 Summon Lightning Spire   Summ/Air       #.......     100%        4    #####..
 Metabolic Englaciation   Hex/Ice        #.........   100%        5    ######.
 Yara's Violent Unravell  Hex/Tmut       #.........   100%        5    ######.


Dungeon Overview and Level Annotations

Branches:
Dungeon (6/15)             Temple (0/1) D:5

Altars:
Ashenzari
Dithmenos
Gozag
Makhleb
Qazlal
Sif Muna
Xom
Zin

Annotations:
D:5 1 runed translucent door, Sassenached's ghost, novice HuWn
D:6 Pikel


Message History

The slave hits you.
* * * LOW HITPOINT WARNING * * *
You hit Pikel.
Pikel is heavily wounded.
You hit the slave. Pikel hits you but does no damage.
You slash Pikel!
Pikel is severely wounded.
You hit the slave. The slave hits you.
* * * LOW HITPOINT WARNING * * *
You block Pikel's attack.
You hit Pikel but do no damage.
Pikel is severely wounded.
You hit the slave but do no damage. The slave barely misses you.
You closely miss Pikel.
Pikel is severely wounded.
You completely miss the slave.
Pikel hits you with a +2 whip of flaming.
* * * LOW HITPOINT WARNING * * *
Pikel burns you.
You die...

.##.##..# ##.......##
##.##.# .##.###.# ##.....##
####.# ........# ##...##
#.# ###.##### ##'## ##.##
###.##### #.# ####...##
........# #.# #.....#.#
###.###.#### ##.##
#.##†#.## #
#........####.Kp## #.###.##
######..........@..# #.#
###
........##.##.#...#######.#
######.###.##.##..........#
#.# #)##.##.########## #.#
#.......# #.######.####
#........# ##########


You could see Pikel and a slave.

Vanquished Creatures
  Prince Ribbit (D:6)
  Grinder (D:3)
  3 slaves (D:6)
  An orc warrior (D:6)
  An ice beast (D:5)
  A sky beast (D:6)
  2 ogres
  4 centaurs
  A big kobold (D:5)
  A bullfrog (D:6)
  A wyvern skeleton (D:6)
  2 howler monkeys
  A crimson imp (D:5)
  A quasit (D:5)
  A centaur skeleton (D:4)
  A hound (D:3)
  2 orc priests (D:5)
  2 orc wizards (D:6)
  A worker ant (D:5)
  A hound zombie (D:6)
  5 adders
  3 shadow imps
  2 oozes
  An adder zombie (D:5)
  2 adder skeletons
  2 dart slugs (D:2)
  3 leopard geckos
  9 orcs
  3 giant cockroaches
  12 goblins
  17 hobgoblins
  4 jackals (D:4)
  3 quokkas
  2 ball pythons
  9 bats
  5 frilled lizards
  14 kobolds
  2 leopard gecko skeletons (D:5)
  A quokka skeleton (D:5)
  7 rats
135 creatures vanquished.

Vanquished Creatures (others)
  An adder zombie (D:5)
  6 plants (D:5)
7 creatures vanquished.

Grand Total: 142 creatures vanquished

Notes
Turn   | Place    | Note
-------+----------+-------------------------------------------
     0 | D:1      | MagicFarmer the Hill Orc Fighter began the quest for the
                  | Orb.
     0 | D:1      | Reached XP level 1. HP: 19/19 MP: 1/1
    49 | D:1      | Reached skill level 3 in Axes
   131 | D:1      | Reached XP level 2. HP: 20/27 MP: 2/2
   341 | D:1      | Reached XP level 3. HP: 26/33 MP: 3/3
  1349 | D:2      | Reached skill level 4 in Axes
  1360 | D:2      | Reached XP level 4. HP: 35/40 MP: 4/4
  2428 | D:3      | Reached XP level 5. HP: 45/47 MP: 5/5
  2481 | D:3      | Reached skill level 5 in Axes
  2509 | D:3      | You fall into a shaft and drop 2 floors!
  2509 | D:5      | Entered Level 5 of the Dungeon
  2966 | D:3      | Noticed Grinder
  2967 | D:3      | Paralysed by Grinder for 3 turns
  2975 | D:3      | Killed Grinder
  2975 | D:3      | Reached skill level 5 in Fighting
  2975 | D:3      | Reached skill level 6 in Axes
  2975 | D:3      | Reached XP level 6. HP: 45/56 MP: 6/6
  3420 | D:4      | Found a shimmering blue altar of Sif Muna.
  3420 | D:4      | Found an opulent altar of Gozag.
  3427 | D:4      | Found a glowing silver altar of Zin.
  3429 | D:4      | Found a faded altar of an unknown god.
  3431 | D:4      | Found a shadowy altar of Dithmenos.
  3526 | D:4      | Reached XP level 7. HP: 38/61 MP: 7/7
  3826 | D:5      | Reached skill level 7 in Axes
  3826 | D:5      | Reached skill level 5 in Armour
  3826 | D:5      | Reached skill level 5 in Shields
  4178 | D:5      | Noticed Sassenached's ghost (novice HuWn)
  4195 | D:5      | Found a runed translucent door.
  4270 | D:5      | HP: 2/62 [ice beast (8)]
  4272 | D:5      | Reached XP level 8. HP: 3/70 MP: 8/8
  4691 | D:5      | Reached skill level 8 in Axes
  5252 | D:5      | Found a staircase to the Ecumenical Temple.
  5288 | D:5      | Became a worshipper of Beogh the Brigand
  5672 | D:6      | Found a shattered altar of Ashenzari.
  5672 | D:6      | Found a shimmering altar of Xom.
  5673 | D:6      | Found a stormy altar of Qazlal.
  5697 | D:6      | Noticed Prince Ribbit
  5902 | D:6      | Killed Prince Ribbit
  5902 | D:6      | Reached skill level 9 in Axes
  6092 | D:6      | Found a burning altar of Makhleb.
  6150 | D:6      | Noticed Pikel
  7093 | D:6      | Reached XP level 9. HP: 67/78 MP: 9/9
  7187 | D:6      | Got a slimy long sword
  7206 | D:6      | Reached * piety under Beogh
  7388 | D:6      | Reached skill level 10 in Axes
  7721 | D:6      | HP: 3/79 [slave[Pikel] (6)]
  7723 | D:6      | HP: 1/79 [Pikel/+2 whip of flaming (2)]
  7723 | D:6      | Slain by Pikel

Levels and vault maps discovered:
D:1:      lemuel_arrival_hallway, layout_basic
D:2:      layout_basic, first_ration, lemuel_another_geyser
D:3:      layout_loops_ring, uniq_grinder
D:4:      layout_basic, chequers_temple_overflow_minitemple,
          kennysheep_flooded_box
D:5:      cheibrodos_thug_alley, layout_loops_ring,
          minmay_temple_entry_enclosed_plants, hellmonk_ghost_happy_afterlife
D:6:      layout_loops_corners, nicolae_overflow_quartered_altars,
          lemuel_zombie_altar_yredelemnul, uniq_prince_ribbit1, uniq_pikel

Skill      XL: |  1  2  3  4  5  6  7  8  9 |
---------------+----------------------------+-----
Axes           | 3 4 6 7 9 10 | 10.0
Fighting       | 4 5 6 7 |  7.1
Armour         | 4 5 6 |  6.5
Shields        | 4 5 6 |  6.4

Action                   |  1- 3 |  4- 6 |  7- 9 || total
-------------------------+-------+-------+-------++-------
Melee: War axe           |   135 |   175 |   322 ||   632
Invok: Convert to Beogh  |       |       |     1 ||     1
Evoke: Wand              |       |       |     4 ||     4
  Use: Scroll            |     1 |     7 |     5 ||    13
       Potion            |       |     2 |     2 ||     4
  Eat: Chunk             |       |     8 |    10 ||    18
       Ration            |       |       |     1 ||     1
Armor: Scale mail        |    47 |    87 |    81 ||   215
Dodge: Dodged            |    45 |    56 |    75 ||   176
Block: Shield            |    84 |    93 |   133 ||   310
